 Dungeon Crawl Stone Soup version 0.30.1-11-g7821555f0a (webtiles) character file.

Game seed: 12764085321242755366

171 Arex the Conjurer (level 5, -5/42 HPs)
             Began as a Draconian Conjurer on Nov 27, 2023.
             Succumbed to a water moccasin's poison
             ... on level 4 of the Dungeon.
             The game lasted 00:06:30 (3343 turns).

Arex the Conjurer (Draconian Conjurer)              Turns: 3343, Time: 00:06:31

Health: -5/42      AC:  8    Str:  9    XL:     5   Next: 26%
Magic:  5/8        EV: 12    Int: 20    God:
Gold:   203        SH:  0    Dex: 10    Spells: 1/8 levels left

rFire   . . .        o - +6 hand axe (elec)
rCold   . . .        (no shield)
rNeg    . . .        (body armour unavailable)
rPois   .            (helmet restricted)
rElec   .            (no cloak)
rCorr   .            (no gloves)
SInv    .            m - +2 pair of boots
Will    .....        (no amulet)
Stlth   ++           (no ring)
HPRegen 0.27/turn    (no ring)
MPRegen 0.11/turn

%: no passive effects
@: lethally poisoned (-5 -> -25)
A: AC +5, unfitting armour, cold-blooded
a: no special abilities


You were on level 4 of the Dungeon.
You visited 1 branch of the dungeon, and saw 4 of its levels.

You collected 203 gold pieces.

Inventory:

Hand Weapons
 b - a +0 short sword
 l - a +3 mace
 o - a +6 hand axe of electrocution (weapon)
Armour
 m - a +2 pair of boots (worn)
Scrolls
 c - a scroll of immolation {unknown}
 e - a scroll of blinking
 g - a scroll of noise
 k - a scroll of magic mapping
Potions
 a - a potion of magic
 d - a potion of flight
 f - 2 potions of lignification
 h - 3 potions of might
 i - 3 potions of curing
 j - 4 potions of degeneration
 n - a potion of mutation {unknown}


   Skills:
 + Level 2.5 Fighting
 + Level 3.0 Dodging
 - Level 2.0 Stealth
 - Level 2.1 Spellcasting
 + Level 4.8 Conjurations
 * Level 1.4 Hexes


You had one spell level left.
You knew the following spells:

 Your Spells              Type           Power      Damage    Failure   Level
a - Magic Dart            Conj           84%        1d7       2%          1
b - Searing Ray           Conj           42%        2d6       3%          2
c - Fulminant Prism       Conj/Hex       7%         3d7       38%         4

Your spell library contained the following spells:

 Spells                   Type           Power      Damage    Failure   Level
 Shock                    Conj/Air       44%        1d5       6%          1
 Dazzling Flash           Conj/Hex       28%        N/A       13%         3
 Sublimation of Blood     Necr           2%         N/A       24%         2
 Swiftness                Air            2%         N/A       43%         3
 Iskenderun's Mystic Bla  Conj/Tloc      11%        2d4       50%         4
 Airstrike                Air            1%         2d(1-17)  83%         4
 Petrify                  Tmut/Erth      2%         N/A       83%         4
 Irradiate                Conj/Tmut      5%         3d13      85%         5


Dungeon Overview and Level Annotations

Branches:
Dungeon (4/15) Zot: 20651
 Temple: D:4-7

Altars:
The Shining One

Shops:
D:1 :

Annotations:
D:4 Dowan, Duvessa


Innate Abilities, Weirdness & Mutations

Your plain brown scales are hard. (AC +5)
You cannot fit into any form of body armour.
You are cold-blooded and may be slowed by cold attacks.


Message History

The water moccasin is moderately wounded. (Press . to maintain the ray.)
The water moccasin bites you. The water moccasin misses you.
The searing ray hits the water moccasin!
The water moccasin is heavily wounded.
The water moccasin bites you!
You are poisoned.
The water moccasin poisons you!
The searing ray misses the water moccasin.
You feel very sick. The water moccasin bites you.
You are lethally poisoned!
The water moccasin poisons you! The water moccasin closely misses you.
You closely miss the water moccasin.
The water moccasin is heavily wounded.
You feel extremely sick.
Duvessa, Sister of Dowan comes into view.
She is wielding a +0 short sword.
The water moccasin closely misses you.
You barely miss the water moccasin.
The water moccasin is heavily wounded.
You feel very sick.
Duvessa shouts!
You hear a shout!
The water moccasin barely misses you. The water moccasin bites you.
* * * LOW HITPOINT WARNING * * *
You are more poisoned.
The water moccasin poisons you!
You hit the water moccasin.
Lightning courses through the water moccasin!
You tail-slap the water moccasin.
The water moccasin is almost dead.
* * * LOW HITPOINT WARNING * * *
You feel extremely sick. The water moccasin bites you.
* * * LOW HITPOINT WARNING * * *
Dowan, Brother of Duvessa comes into view.
He is wielding a +3 dagger of venom.
The water moccasin barely misses you.
Unknown command.
You slash the water moccasin!
You kill the water moccasin!
You die...

#...........#...........#..#..
#.#########.#.....#.....#..#..
#.# #.##.####.....#..#.. #^#
#....# #.....#..#.. .>.
####### #.....#..#.# ..#
#.....# #####.#..#.. ..#.
...#.....####...#.#....# #. .
?...........#.#.#.##.#.# .. .
.#..###@#.....#...##.#.#
...e..†)#<#.########.#.#
.....#..#.#.# #........ .e#.
#..#<#.# #.###.##. # ...#.#..
#.... .##.....# #######... .
'.....# #......... . #.....#
#......... ...# #.........


You could see Duvessa and Dowan.

Vanquished Creatures
  A water moccasin (D:4)
  5 adders
  4 gnolls (D:2)
  A worm (D:4)
  A dart slug (D:4)
  15 orcs
  7 ball pythons
  3 bats (D:2)
  4 endoplasms
  5 goblins
  2 hobgoblins
  8 jackals
  A quokka (D:2)
  6 frilled lizards
  3 kobolds
  2 rats (D:2)
68 creatures vanquished.

Notes
Turn   | Place    | Note
-------+----------+-------------------------------------------
     0 | D:1      | Arex the Draconian Conjurer began the quest for the Orb.
     0 | D:1      | Reached XP level 1. HP: 14/14 MP: 3/3
   167 | D:1      | Found Idwoawk's Vocational Training.
   226 | D:1      | Reached XP level 2. HP: 20/20 MP: 3/5
   255 | D:1      | Learned a level 2 spell: Searing Ray
   601 | D:2      | Reached skill level 1 in Fighting
   601 | D:2      | Reached XP level 3. HP: 28/28 MP: 0/6
  1082 | D:2      | Reached XP level 4. HP: 22/36 MP: 2/7
  1412 | D:2      | Learned a level 4 spell: Fulminant Prism
  2349 | D:3      | Found a glowing golden altar of the Shining One.
  2409 | D:3      | Found a faded altar of an unknown god.
  2429 | D:3      | Reached skill level 1 in Hexes
  2541 | D:3      | Reached XP level 5. HP: 33/41 MP: 0/8
  3329 | D:4      | Noticed a water moccasin
  3340 | D:4      | Noticed Duvessa
  3342 | D:4      | HP: 2/42 [poisoned by a water moccasin]
  3342 | D:4      | Noticed Dowan
  3343 | D:4      | Killed a water moccasin
  3343 | D:4      | Succumbed to a water moccasin's poison

Illustrated notes

Levels and vault maps discovered:
D:1:      wander_arrival_estate, layout_rooms, nicolae_shop_vocational
D:2:      cheibrodos_helix_gallery, layout_basic
D:3:      layout_rooms, tso_altar, nicolae_ecumenical_snake_handling
D:4:      layout_basic, kennysheep_little_box, minmay_temple_entry_nine_rooms,
          serial_shops, nicolae_shop_hallway_plus, uniq_duvessa, uniq_robin

Skill      XL: |  1  2  3  4  5 |
---------------+----------------+-----
Dodging        | 2 3 |  3.0
Stealth        | 2 |  2.0
Fighting       | 1 2 |  2.5
Hexes          | 1 |  1.4
Spellcasting   | |  2.1
Conjurations   | |  4.8

Action                     |  1- 3 |  4- 6 || total
---------------------------+-------+-------++-------
  Melee: Unarmed           |    36 |       ||    36
         Tailslap          |     7 |     3 ||    10
         Short sword       |    38 |    10 ||    48
         Mace              |       |     9 ||     9
         Hand axe          |       |     5 ||     5
   Cast: Magic Dart        |    30 |    82 ||   112
         Searing Ray       |     4 |     4 ||     8
    Use: Scroll            |     3 |    10 ||    13
         Potion            |     1 |       ||     1
 Armour: Skin              |    35 |    15 ||    50
  Dodge: Dodged            |    69 |    21 ||    90
